Map: Disco Bloodbath LE

Players

LuNe - Winner!

  • Race: Terran Terran
  • League: Master
  • Spawn Location: 9:00

Mez

  • Race: Terran Terran
  • League: Master
  • Spawn Location: 3:00

VOD

Have the link to the VOD?

Description

Time

  • Played on: Aug. 28, 2019, 5:55 p.m.
  • Length: 18:55
Show
View Real Time Build Order
Export as new Build Order

LuNe Terran - Winner!

Build Orders: Reaper Expand 

Get SALT Encoding   

  12  0:00  SCV  
  13  0:12  SCV  
  14  0:17  Supply Depot  
  14  0:25  SCV  
  15  0:38  SCV, Refinery  
  16  0:43  Barracks  
  16  0:50  SCV  
  17  1:02  SCV  
  18  1:15  SCV  
  19  1:30  Reaper  
  19  1:31  Orbital Command  
  20  1:42  Command Center  
  20  1:56  SCV  
  20  1:58  Factory  
  21  2:07  Supply Depot  
  21  2:08  SCV  
  22  2:18  Refinery  
  22  2:21  SCV  
  23  2:24  Barracks Reactor  
  23  2:33  SCV  
  24  2:45  SCV  
  25  2:55  Orbital Command, Hellion  
  25  2:57  SCV  
  27  3:06  Marine x2, Starport  
  27  3:09  SCV  
  30  3:16  Factory Tech Lab  
  30  3:21  SCV x2, Refinery  
  30  3:25  Marine x2  
  34  3:33  SCV x2  
  36  3:40  Supply Depot  
  36  3:41  Cyclone  
  39  3:43  Marine x2, Starport Tech Lab  
  39  3:45  SCV  
  39  3:47  SCV  
  43  4:02  SCV  
  43  4:03  Raven  
  45  4:11  SCV  
  45  4:14  SCV  
  45  4:15  Marine x2, Siege Tank  
  52  4:18  Supply Depot  
  52  4:23  SCV  
  53  4:28  SCV  
  54  4:37  Command Center  
  54  4:40  Marine x2, SCV x2  
  54  4:42  Bunker  
  58  4:45  Raven  
  58  4:52  SCV  
  61  4:57  SCV  
  61  4:58  Supply Depot  
  62  5:01  Supply Depot  
  62  5:20  Marine x2, Siege Tank, SCV x2  
  69  5:24  Supply Depot  
  69  5:29  Engineering Bay  
  69  5:30  Engineering Bay  
  69  5:31  Raven  
  69  5:32  SCV, Refinery  
  69  5:34  SCV  
  73  5:44  SCV  
  73  5:46  SCV  
  73  5:47  Barracks x2  
  73  5:48  Supply Depot  
  75  5:50  Marine x2  
  75  5:54  Orbital Command  
  75  5:56  SCV  
  78  5:58  Siege Tank  
  81  6:10  SCV x2  
  80  6:11  Orbital Command  
  80  6:12  Terran Infantry Armor Level 1, Terran Infantry Weapons Level 1  
  80  6:21  Barracks  
  80  6:23  Barracks  
  80  6:25  SCV  
  81  6:29  Supply Depot  
  81  6:31  Marine x2, Supply Depot  
  83  6:35  SCV  
  83  6:39  Barracks Tech Lab  
  84  6:40  SCV, Barracks Tech Lab  
  69  6:58  Marine x2  
  69  6:59  Marine x2, Siege Tank  
  69  7:05  SCV  
  69  7:06  SCV x2  
  69  7:08  Combat Shield  
  69  7:09  Stimpack  
  69  7:13  Barracks Reactor  
  69  7:16  Barracks Reactor  
  69  7:18  SCV x2  
  69  7:21  Marine, SCV  
  69  7:22  Armory  
  75  7:24  Marine  
  75  7:25  Refinery  
  75  7:29  Refinery  
  74  7:30  SCV, Supply Depot  
  74  7:31  SCV  
  74  7:33  SCV  
  74  7:36  Siege Tank  
  74  7:37  Viking x2  
  82  7:38  Sensor Tower  
  82  7:40  Marine  
  82  7:42  Marine, SCV, Barracks Reactor  
  87  7:48  SCV x2, Supply Depot  
  89  7:51  Marine x2  
  89  7:55  Marine x2  
  89  7:56  SCV  
  89  7:58  Marine  
  95  8:00  Missile Turret  
  95  8:07  SCV  
  95  8:08  SCV  
  95  8:09  Marine  
  95  8:10  Siege Tank  
  95  8:11  Viking x2  
  105  8:13  SCV  
  105  8:17  Marine x4  
  105  8:19  SCV  
  111  8:20  SCV  
  111  8:25  SCV  
  111  8:27  Marine x3  
  113  8:28  Marine  
  113  8:30  Terran Infantry Armor Level 2, Terran Infantry Weapons Level 2, Terran Vehicle Weapons Level 1  
  113  8:32  SCV x2  
  119  8:36  Missile Turret  
  119  8:37  SCV  
  119  8:38  Missile Turret  
  120  8:44  SCV  
  120  8:48  Command Center  
  121  8:53  Marine x6  
  121  8:54  Marine x2, Siege Tank  
  132  8:56  Refinery  
  132  8:58  Refinery  
  132  9:09  Medivac  
  78  9:10  Medivac  
  134  9:11  Marine x3  
  134  9:14  Starport  
  134  9:15  SCV x2, Fusion Core  
  140  9:23  Sensor Tower  
  140  9:25  SCV  
  140  9:30  Supply Depot x3  
  141  9:32  Supply Depot  
  141  9:34  Supply Depot  
  141  9:51  Marine x8, Siege Tank, SCV  
  153  9:53  Starport Tech Lab  
  153  9:54  Medivac x2  
  153  9:56  Supply Depot  
  153  9:58  Liberator  
  157  10:08  Planetary Fortress  
  157  10:09  Marine x7  
  164  10:14  Advanced Ballistics  
  148  10:39  Marine x3  
  148  10:40  Marine x2  
  148  10:42  Marine x3  
  148  10:43  Siege Tank, Medivac x2  
  144  10:57  Marine x4  
  144  11:00  Marine x3  
  144  11:01  SCV x2  
  144  11:02  Marine  
  154  11:10  Terran Infantry Armor Level 3, Terran Infantry Weapons Level 3  
  150  11:15  Marine x4  
  152  11:20  Marine x3, Terran Vehicle Weapons Level 2  
  152  11:21  Marine  
  151  11:28  Barracks  
  151  11:30  Barracks  
  151  11:31  Barracks  
  151  11:33  Marine x4, Siege Tank  
  151  11:36  Command Center  
  151  11:38  Marine x3  
  161  11:42  Marine  
  161  11:44  Medivac x3  
  168  11:50  Marine  
  168  11:51  Marine x3, Sensor Tower  
  172  11:56  Marine  
  172  12:01  Marine x3  
  176  12:08  Marine x2, Siege Tank  
  176  12:09  Marine x2  
  176  12:14  Marine  
  184  12:19  Marine  
  165  12:26  Marine  
  165  12:28  Marine x3  
  154  12:31  Barracks Reactor x2  
  154  12:32  Barracks Reactor  
  154  12:33  Marine x3  
  154  12:34  Viking x3  
  154  12:37  Marine  
  158  12:43  Siege Tank  
  162  12:44  Marine  
  162  12:46  Marine x3  
  162  12:49  Factory  
  166  12:52  Marine  
  166  12:53  Marine x2  
  166  12:54  Rapid Reignition System  
  169  13:08  Liberator  
  169  13:17  Marine x7  
  176  13:21  Marine x5, Sensor Tower  
  176  13:22  Marine x2, Siege Tank  
  189  13:27  Medivac x2  
  191  14:03  Factory Tech Lab  
  191  14:05  Planetary Fortress  
  142  14:31  Marine x7  
  142  14:32  Marine x7  
  142  14:38  Siege Tank  
  159  14:44  Liberator  
  159  14:49  Marine x11  
  159  14:50  Marine x3  
  170  14:59  Siege Tank  
  170  15:01  Viking x2  
  170  15:05  Corvid Reactor  
  177  15:07  Marine x11  
  177  15:08  Marine x3  
  177  15:10  Siege Tank, Missile Turret  
  177  15:11  Sensor Tower  
  191  15:14  Refinery x2  
  186  15:25  Marine x12  
  186  15:26  Marine x2  
  198  15:42  Siege Tank  
  196  15:51  Marine x4  
  200  15:58  Marine  
  200  16:04  Marine x8  
  185  16:20  Marine  
  185  16:21  Marine x4  
  185  16:24  Marine  
  185  16:25  Marine x8  
  194  16:32  Siege Tank x2  
  197  16:38  Marine, Medivac  
  200  16:42  Marine x2  
  194  16:57  Marine x12  
  194  17:00  Marine  
  196  17:08  Marine  
  196  17:14  Marine  
  196  17:15  Marine x11  
  199  17:18  Marine  
  194  17:26  Marine  
  184  17:32  Marine  
  184  17:33  Marine x4  
  175  17:41  Marine, Liberator  
  175  17:42  Marine x7  
  177  17:44  Marine  
  177  17:50  Marine x4  
  177  17:56  Marine  
  177  17:57  Siege Tank x2  
  177  17:58  Viking x2  
  186  17:59  Marine x7  
  186  18:00  Marine  
  197  18:10  Marine x5  
  191  18:14  Marine  
  191  18:17  Marine x2  
  194  18:25  Marine x6  
  192  18:28  Marine x5  
  192  18:31  Marine  
  186  18:35  Marine x2  
Show
View Real Time Build Order
Export as new Build Order

Mez Terran 

Build Orders: Gas First Reaper Expand 

Get SALT Encoding   

  12  0:01  SCV  
  13  0:13  SCV  
  14  0:19  Supply Depot  
  14  0:25  SCV  
  15  0:28  Refinery  
  15  0:40  SCV  
  16  0:45  Barracks  
  16  0:52  SCV  
  17  1:05  SCV  
  18  1:19  SCV  
  19  1:36  Orbital Command, Reaper  
  20  1:45  Command Center  
  20  1:54  Factory  
  20  2:03  SCV  
  20  2:08  Supply Depot  
  21  2:13  Barracks Reactor  
  21  2:15  SCV  
  22  2:23  Refinery  
  22  2:28  SCV  
  23  2:49  Marine x2, Hellion  
  26  2:53  SCV  
  26  3:05  SCV  
  26  3:11  Starport  
  26  3:12  Factory Tech Lab  
  27  3:14  Orbital Command  
  27  3:16  Marine x2  
  28  3:21  SCV  
  29  3:32  Cyclone  
  29  3:33  SCV  
  33  3:35  Marine  
  33  3:37  Marine  
  33  3:41  SCV  
  36  3:46  SCV  
  37  3:50  Starport Tech Lab  
  37  3:53  SCV  
  38  3:58  SCV  
  38  4:01  Marine x2  
  41  4:05  SCV  
  45  4:10  Cyclone, SCV  
  45  4:17  SCV, Supply Depot  
  45  4:18  Raven  
  48  4:27  SCV  
  48  4:28  Marine x2  
  48  4:29  SCV  
  52  4:40  SCV  
  52  4:41  SCV  
  52  4:42  Supply Depot  
  52  4:44  Siege Tank  
  57  4:51  Marine x2  
  59  4:55  SCV x2  
  61  5:08  Command Center  
  61  5:13  Barracks  
  61  5:14  Starport Reactor  
  61  5:15  SCV  
  61  5:17  SCV, Barracks  
  63  5:25  Marine x2  
  63  5:27  Siege Tank  
  67  5:49  SCV x2  
  69  5:58  Marine  
  70  6:13  Refinery  
  70  6:14  Refinery  
  70  6:16  Supply Depot  
  70  6:17  Marine, Siege Tank, SCV x2, Supply Depot, Engineering Bay  
  76  6:18  Stimpack  
  76  6:19  Engineering Bay  
  76  6:20  Marine  
  76  6:25  Starport Reactor, Orbital Command  
  77  6:29  SCV x2  
  77  6:32  Marine x3  
  82  6:41  SCV x2  
  79  6:52  Marine x5  
  79  6:53  SCV x2  
  61  7:05  SCV x3  
  61  7:08  Siege Tank, Medivac x2  
  70  7:10  Marine x2  
  72  7:17  SCV, Refinery x2  
  72  7:18  SCV x2  
  72  7:22  Marine x3  
  79  7:30  SCV x3  
  81  7:38  Supply Depot  
  81  7:41  Supply Depot  
  81  7:42  SCV x3  
  83  7:45  Barracks  
  83  7:46  Barracks, Terran Infantry Weapons Level 1  
  83  7:47  Terran Infantry Armor Level 1  
  83  7:53  Marine  
  83  7:54  Marine x4, SCV x3  
  83  7:58  Combat Shield  
  91  8:06  SCV x3  
  91  8:09  Supply Depot  
  91  8:10  Supply Depot  
  91  8:11  Missile Turret  
  94  8:13  Missile Turret x2  
  94  8:17  Missile Turret  
  94  8:18  Marine x3, SCV  
  97  8:26  SCV x2  
  98  8:28  Marine x2  
  98  8:30  Siege Tank, Medivac x2  
  98  8:33  Armory  
  107  8:36  Marine x2  
  107  8:37  Factory  
  107  8:40  SCV x3  
  112  8:47  Barracks Reactor  
  109  8:48  Barracks Reactor  
  109  8:51  Supply Depot  
  109  8:52  SCV, Supply Depot  
  110  9:01  Supply Depot  
  110  9:03  Marine x5  
  115  9:19  SCV  
  115  9:21  Marine x3, Command Center  
  115  9:23  Marine x3  
  122  9:25  Factory Tech Lab, Siege Tank  
  125  9:38  Medivac x2  
  126  9:39  Marine x4  
  126  9:40  Marine x2  
  126  9:41  Marine  
  126  9:43  Supply Depot  
  135  9:52  Marine, Barracks  
  135  9:53  Siege Tank  
  135  9:54  Barracks  
  135  9:55  Marine, Barracks  
  135  9:57  Marine x5  
  145  10:06  Sensor Tower  
  145  10:07  Marine x2  
  145  10:10  Marine, Refinery  
  145  10:12  Siege Tank  
  145  10:13  Refinery  
  151  10:16  Sensor Tower, Terran Infantry Weapons Level 2  
  139  10:36  Marine  
  139  10:39  Marine x4  
  139  10:40  Barracks Reactor  
  139  10:41  Marine x4  
  140  10:50  Marine x2  
  140  10:54  Marine  
  137  10:57  Marine  
  137  10:59  Marine  
  137  11:00  Marine x6  
  137  11:01  Siege Tank x2  
  136  11:08  Marine x2  
  129  11:12  Marine  
  129  11:15  Marine  
  129  11:17  Marine x6  
  129  11:18  Marine, SCV x3  
  134  11:20  Planetary Fortress  
  132  11:26  Marine  
  132  11:28  Marine x3  
  132  11:29  Marine  
  132  11:30  SCV x3  
  137  11:38  Supply Depot  
  137  11:40  Starport x2  
  137  11:41  Fusion Core  
  137  11:45  Marine  
  137  11:46  Marine x6  
  144  11:54  Marine x2  
  144  11:56  Barracks Reactor x2  
  145  12:04  Marine x3  
  145  12:08  Siege Tank x2  
  152  12:09  Viking x2  
  112  12:23  Marine x10  
  112  12:29  Marine  
  120  12:33  Starport Reactor  
  120  12:34  Starport Tech Lab  
  120  12:40  Siege Tank x2  
  120  12:41  Terran Infantry Armor Level 2  
  120  12:42  Terran Infantry Weapons Level 3  
  126  12:44  Terran Vehicle Weapons Level 1  
  126  12:53  Medivac x2  
  126  12:54  Marine, Medivac  
  126  12:55  Marine x9  
  142  13:11  Medivac x2  
  146  13:16  Command Center  
  146  13:17  Missile Turret x2  
  146  13:31  Viking x3  
  152  13:35  Advanced Ballistics  
  152  13:41  Viking  
  152  13:44  Marine x3  
  152  13:45  Marine x6  
  162  13:56  Marine x5  
  162  13:57  Siege Tank  
  162  14:01  Viking  
  163  14:09  Marine  
  163  14:10  Marine x3  
  147  14:26  Marine x10  
  147  14:27  Marine x2  
  147  14:28  Marine x2, Medivac x2  
  147  14:30  Marine  
  128  14:44  Marine x2  
  130  14:46  Marine x10  
  130  14:50  Siege Tank  
  142  15:14  Sensor Tower  
  113  15:21  Siege Tank  
  113  15:22  Siege Tank  
  119  15:28  Marine x3  
  119  15:29  Marine x7  
  119  15:34  Liberator x2  
  127  15:41  Planetary Fortress  
  122  15:48  Viking  
  122  15:49  Viking  
  125  15:53  Siege Tank  
  125  15:54  Siege Tank  
  107  16:12  Marine x2  
  107  16:16  Viking  
  107  16:18  Marine, Viking  
  106  16:19  Marine x6  
  106  16:20  SCV x4  
  106  16:22  Marine  
  106  16:23  Marine  
  107  16:25  Siege Tank  
  107  16:27  Siege Tank  
  107  16:30  Neosteel Armor  
  112  16:45  Marine x7  
  112  16:46  Marine  
  114  16:57  Marine x5  
  114  16:58  Marine x2  
  114  17:00  Medivac  
  120  17:03  Marine  
  117  17:18  Marine x8  
  117  17:19  Medivac x2  
  129  17:29  Marine x4  
  95  17:45  Command Center  
  95  17:48  Marine x3  
  96  17:54  Liberator x3  
  96  17:56  Marine x2  
  96  17:57  Marine x3, Siege Tank x2  
  103  18:27  Marine x14  
Tags
 
Add a new tag
Caveats
  • Supply blocks, unpowered buildings, or Contaminate may cause inaccurate times.
  • Supply counts are checked every 10 seconds.